TOP OF THE 1ST |
Ottawa Fat Cats batting - Pitching for Yellowknife Claws : LHP Stanley Wise
|
Pitching: LHP Stanley Wise
|
|
Batting: RHB Lawrence Howard
|
0-0: Foul Ball, location: 2F 0-1: Foul Ball, location: 2F 0-2: Foul Ball, location: 2F 0-2: Ground out 6-3 (Groundball, 6)
|
Batting: LHB Eric Dillard
|
0-0: Ball 1-0: Called Strike 1-1: Bunted foul 1-2: Ground out 1-3 (Groundball, 34S)
|
Batting: LHB Felipe Rivera
|
0-0: Swinging Strike 0-1: Called Strike 0-2: Strikes out swinging
|
Top of the 1st over - 0 run(s), 0 hit(s), 0 error(s), 0 left on base; Ottawa 0 - Yellowknife 0 |
BOTTOM OF THE 1ST |
Yellowknife Claws batting - Pitching for Ottawa Fat Cats : RHP Ricardo Montero
|
Pitching: RHP Ricardo Montero
|
|
Batting: SHB José Castillo
|
0-0: Foul Ball, location: 2F 0-1: Ball 1-1: Swinging Strike 1-2: Ground out 4-3 (Groundball, 34)
|
Batting: RHB Scotty Hicks
|
0-0: Ball 1-0: Ball 2-0: Ball 3-0: Called Strike 3-1: Ground out 6-3 (Groundball, 6)
|
Batting: LHB Carter Sweet
|
0-0: Foul Ball, location: 2F 0-1: Swinging Strike 0-2: Ground out 4-3 (Groundball, 4)
|
Bottom of the 1st over - 0 run(s), 0 hit(s), 0 error(s), 0 left on base; Ottawa 0 - Yellowknife 0 |
TOP OF THE 2ND |
Ottawa Fat Cats batting - Pitching for Yellowknife Claws : LHP Stanley Wise
|
Batting: LHB Brent Haynes
|
0-0: Called Strike 0-1: Called Strike 0-2: Strikes out swinging
|
Batting: SHB António Ramírez
|
0-0: Ball 1-0: Ground out 5-3 (Groundball, 5L)
|
Batting: RHB Ismael Hidalgo
|
0-0: Called Strike 0-1: Ball 1-1: Ball 2-1: Ball 3-1: Called Strike 3-2: Strikes out looking
|
Top of the 2nd over - 0 run(s), 0 hit(s), 0 error(s), 0 left on base; Ottawa 0 - Yellowknife 0 |
BOTTOM OF THE 2ND |
Yellowknife Claws batting - Pitching for Ottawa Fat Cats : RHP Ricardo Montero
|
Batting: SHB Héctor Padilla
|
0-0: Swinging Strike 0-1: Swinging Strike 0-2: Foul Ball, location: 2F 0-2: Strikes out looking
|
Batting: LHB Howard White
|
0-0: Ball 1-0: Called Strike 1-1: Swinging Strike 1-2: Strikes out swinging
|
Batting: LHB Juan Lima
|
0-0: Called Strike 0-1: Swinging Strike 0-2: Fly out, F7 (Flyball, 7M)
|
Bottom of the 2nd over - 0 run(s), 0 hit(s), 0 error(s), 0 left on base; Ottawa 0 - Yellowknife 0 |
TOP OF THE 3RD |
Ottawa Fat Cats batting - Pitching for Yellowknife Claws : LHP Stanley Wise
|
Batting: RHB George Green
|
0-0: Ball 1-0: Ball 2-0: Ball 3-0: Called Strike 3-1: Ground out 1-3 (Groundball, 13)
|
Batting: LHB Wayne Rogers
|
0-0: Fly out, F7 (Line Drive, 7M)
|
Batting: LHB Justin Tubridy
|
0-0: Ball 1-0: Called Strike 1-1: Called Strike 1-2: Strikes out swinging
|
Top of the 3rd over - 0 run(s), 0 hit(s), 0 error(s), 0 left on base; Ottawa 0 - Yellowknife 0 |
BOTTOM OF THE 3RD |
Yellowknife Claws batting - Pitching for Ottawa Fat Cats : RHP Ricardo Montero
|
Batting: RHB Charlie Pérez
|
0-0: Foul Ball, location: 2F 0-1: Called Strike 0-2: Ball 1-2: Ball 2-2: Strikes out looking
|
Batting: RHB Fernando Álvarez
|
0-0: Foul Ball, location: 2F 0-1: Ball 1-1: Hit by Pitch
|
Batting: RHB Cris Lugo
|
0-0: Called Strike 0-1: Ball 1-1: Grounds into double play, 5-4-3 (Groundball, 56)
|
Bottom of the 3rd over - 0 run(s), 0 hit(s), 0 error(s), 0 left on base; Ottawa 0 - Yellowknife 0 |
TOP OF THE 4TH |
Ottawa Fat Cats batting - Pitching for Yellowknife Claws : LHP Stanley Wise
|
Batting: RHB Lawrence Howard
|
0-0: SINGLE (Line Drive, 6D)
|
Batting: LHB Eric Dillard
|
0-0: Foul Ball, location: 2F 0-1: Ball 1-1: Called Strike Lawrence Howard steals 2nd base 1-2: Strikes out swinging
|
Batting: LHB Felipe Rivera
|
0-0: Called Strike Lawrence Howard steals 3rd base 0-1: DOUBLE (Flyball, 89XD) Lawrence Howard scores
|
Batting: LHB Brent Haynes
|
0-0: Ball 1-0: Swinging Strike 1-1: Foul Ball, location: 2F 1-2: Ball 2-2: Strikes out swinging
|
Batting: SHB António Ramírez
|
0-0: Ball 1-0: Ball 2-0: SINGLE (Line Drive, 7LM) Felipe Rivera to third
|
Batting: RHB Ismael Hidalgo
|
0-0: SINGLE (Groundball, 13S) (infield hit) Felipe Rivera scores António Ramírez to second
|
Batting: RHB George Green
|
0-0: Ball 1-0: Ball 2-0: Ground out 6-3 (Groundball, 6)
|
Top of the 4th over - 2 run(s), 4 hit(s), 0 error(s), 2 left on base; Ottawa 2 - Yellowknife 0 |
BOTTOM OF THE 4TH |
Yellowknife Claws batting - Pitching for Ottawa Fat Cats : RHP Ricardo Montero
|
Batting: SHB José Castillo
|
0-0: DOUBLE (Line Drive, 5L)
|
Batting: RHB Scotty Hicks
|
0-0: Ball 1-0: Foul Ball, location: 2F 1-1: Ball 2-1: Ball 3-1: Base on Balls
|
Batting: LHB Carter Sweet
|
0-0: Ball 1-0: Grounds into double play, 4-6-3 (Groundball, 34) José Castillo to third
|
Batting: SHB Héctor Padilla
|
0-0: Ball 1-0: SINGLE (Line Drive, 4) José Castillo scores
|
Batting: LHB Howard White
|
0-0: Called Strike Héctor Padilla steals 2nd base 0-1: Ball 1-1: Swinging Strike 1-2: Ball 2-2: Fly out, F9 (Flyball, 9M)
|
Bottom of the 4th over - 1 run(s), 2 hit(s), 0 error(s), 1 left on base; Ottawa 2 - Yellowknife 1 |
TOP OF THE 5TH |
Ottawa Fat Cats batting - Pitching for Yellowknife Claws : LHP Stanley Wise
|
Batting: LHB Wayne Rogers
|
0-0: Fly out, F5 (Popup, 5F)
|
Batting: LHB Justin Tubridy
|
0-0: Ball 1-0: Swinging Strike 1-1: Fly out, F9 (Popup, 34D)
|
Batting: RHB Lawrence Howard
|
0-0: Foul Ball, location: 2F 0-1: Ball 1-1: Ball 2-1: Called Strike 2-2: Fly out, F8 (Flyball, 8LM)
|
Top of the 5th over - 0 run(s), 0 hit(s), 0 error(s), 0 left on base; Ottawa 2 - Yellowknife 1 |
BOTTOM OF THE 5TH |
Yellowknife Claws batting - Pitching for Ottawa Fat Cats : RHP Ricardo Montero
|
Batting: LHB Juan Lima
|
0-0: Ball 1-0: Called Strike 1-1: Ball 2-1: Ball 3-1: Called Strike 3-2: Strikes out swinging
|
Batting: RHB Charlie Pérez
|
0-0: Ball 1-0: Ball 2-0: Called Strike 2-1: Swinging Strike 2-2: Foul Ball, location: 2F 2-2: Strikes out swinging
|
Batting: RHB Fernando Álvarez
|
0-0: Ground out 5-3 (Groundball, 56)
|
Bottom of the 5th over - 0 run(s), 0 hit(s), 0 error(s), 0 left on base; Ottawa 2 - Yellowknife 1 |
TOP OF THE 6TH |
Ottawa Fat Cats batting - Pitching for Yellowknife Claws : LHP Stanley Wise
|
Batting: LHB Eric Dillard
|
0-0: Called Strike 0-1: Ball 1-1: Ball 2-1: SINGLE (Groundball, 25) (infield hit)
|
Batting: LHB Felipe Rivera
|
0-0: Called Strike 0-1: Ball 1-1: Swinging Strike 1-2: Ground out 5-3 (Groundball, 5S) Eric Dillard to second
|
Batting: LHB Brent Haynes
|
0-0: Ball 1-0: Called Strike 1-1: Ball 2-1: Foul Ball, location: 2F 2-2: Fly out, F9 (Flyball, 9M)
|
Batting: SHB António Ramírez
|
0-0: Ball 1-0: Foul Ball, location: 2F 1-1: Ground out 6-3 (Groundball, 6M)
|
Top of the 6th over - 0 run(s), 1 hit(s), 0 error(s), 1 left on base; Ottawa 2 - Yellowknife 1 |
BOTTOM OF THE 6TH |
Yellowknife Claws batting - Pitching for Ottawa Fat Cats : RHP Ricardo Montero
|
Batting: RHB Cris Lugo
|
0-0: Called Strike 0-1: Ball 1-1: Ball 2-1: Ground out 5-3 (Groundball, 56)
|
Batting: SHB José Castillo
|
0-0: Called Strike 0-1: Foul Ball, location: 2F 0-2: Strikes out swinging
|
Batting: RHB Scotty Hicks
|
0-0: Ball 1-0: Ball 2-0: Called Strike 2-1: Ball 3-1: Called Strike 3-2: Foul Ball, location: 2F 3-2: DOUBLE (Flyball, 9LS)
|
Batting: LHB Carter Sweet
|
0-0: Called Strike 0-1: Ground out U3 (Groundball, 3L)
|
Bottom of the 6th over - 0 run(s), 1 hit(s), 0 error(s), 1 left on base; Ottawa 2 - Yellowknife 1 |
TOP OF THE 7TH |
Ottawa Fat Cats batting - Pitching for Yellowknife Claws : LHP Stanley Wise
|
Batting: RHB Ismael Hidalgo
|
0-0: Ball 1-0: Ground out 4-3 (Groundball, 4M)
|
Batting: RHB George Green
|
0-0: Ball 1-0: Called Strike 1-1: Foul Ball, location: 2F 1-2: Ball 2-2: Foul Ball, location: 2F 2-2: SINGLE (Flyball, 8LS)
|
Batting: LHB Wayne Rogers
|
0-0: Ball 1-0: Called Strike 1-1: Called Strike 1-2: SINGLE (Line Drive, 34D) George Green to second Runner from 2nd tries for 3rd, SAFE, throw made to third
|
Batting: LHB Justin Tubridy
|
0-0: Ball 1-0: Ball Passed Ball! George Green scores Wayne Rogers to second 2-0: Called Strike 2-1: SINGLE (Popup, 78S) Wayne Rogers to third Runner from 3rd tries for Home, SAFE, no throw or cutoff
|
Batting: RHB Lawrence Howard
|
0-0: Ball 1-0: Called Strike 1-1: Ball 2-1: Ball 3-1: Foul Ball, location: 2F 3-2: Foul Ball, location: 2F 3-2: Reached on error, E1 (Groundball, 13S) Justin Tubridy to second
|
Batting: LHB Eric Dillard
|
0-0: Foul Ball, location: 2F 0-1: Foul Ball, location: 2F 0-2: Ball 1-2: Ground out 3-1 (Groundball, 34) Justin Tubridy to third Lawrence Howard to second
|
Batting: LHB Felipe Rivera
|
0-0: Ball 1-0: Called Strike 1-1: Foul Ball, location: 2F 1-2: Foul Ball, location: 2F 1-2: Fly out, F4 (Line Drive, 4M)
|
Top of the 7th over - 2 run(s), 3 hit(s), 1 error(s), 2 left on base; Ottawa 4 - Yellowknife 1 |
BOTTOM OF THE 7TH |
Yellowknife Claws batting - Pitching for Ottawa Fat Cats : RHP Ricardo Montero
|
Batting: SHB Héctor Padilla
|
0-0: Called Strike 0-1: DOUBLE (Groundball, 3L)
|
Pitching: LHP Tim Burrell
|
|
Batting: LHB Howard White
|
0-0: Foul Ball, location: 2F 0-1: Foul Ball, location: 2F 0-2: Ball 1-2: Ground out 4-3 (Groundball, 4M) Héctor Padilla to third
|
Pitching: RHP Brian Hankins
|
|
Batting: LHB Juan Lima
|
0-0: Called Strike 0-1: Ball 1-1: Swinging Strike 1-2: Ball 2-2: Foul Ball, location: 2F 2-2: SINGLE (Flyball, 6MD) Héctor Padilla scores
|
Batting: RHB Charlie Pérez
|
0-0: Called Strike 0-1: Fly out, F5 (Popup, 15)
|
Pitching: LHP Jorge Viera
|
|
Batting: RHB Fernando Álvarez
|
0-0: Ball 1-0: Ground out 6-3 (Groundball, 6)
|
Bottom of the 7th over - 1 run(s), 2 hit(s), 0 error(s), 1 left on base; Ottawa 4 - Yellowknife 2 |
TOP OF THE 8TH |
Ottawa Fat Cats batting - Pitching for Yellowknife Claws : LHP Stanley Wise
|
Batting: LHB Brent Haynes
|
0-0: Ball 1-0: Foul Ball, location: 2F 1-1: Ball 2-1: Ground out 5-3 (Groundball, 56)
|
Batting: SHB António Ramírez
|
0-0: Hit by Pitch
|
Batting: RHB Ismael Hidalgo
|
0-0: Ball António Ramírez steals 2nd base 1-0: Intentional Walk
|
Batting: RHB George Green
|
0-0: Foul Ball, location: 2F 0-1: Ground out 5-3 (Groundball, 5S) António Ramírez to third Ismael Hidalgo to second
|
Batting: LHB Wayne Rogers
|
0-0: Called Strike 0-1: Foul Ball, location: 2F 0-2: SINGLE (Flyball, 8RS) António Ramírez scores Ismael Hidalgo to third Throwing error, E8 Ismael Hidalgo scores Wayne Rogers to second
|
Batting: LHB Justin Tubridy
|
0-0: Called Strike 0-1: Ground out 6-3 (Groundball, 6)
|
Top of the 8th over - 2 run(s), 1 hit(s), 1 error(s), 1 left on base; Ottawa 6 - Yellowknife 2 |
BOTTOM OF THE 8TH |
Yellowknife Claws batting - Pitching for Ottawa Fat Cats : LHP Jorge Viera
|
Batting: RHB Cris Lugo
|
0-0: Called Strike 0-1: Called Strike 0-2: Strikes out swinging
|
Batting: SHB José Castillo
|
0-0: Ball 1-0: SINGLE (Groundball, 6)
|
Batting: RHB Scotty Hicks
|
0-0: Ball 1-0: Ball 2-0: Grounds into double play, 6-4-3 (Groundball, 6)
|
Bottom of the 8th over - 0 run(s), 1 hit(s), 0 error(s), 0 left on base; Ottawa 6 - Yellowknife 2 |
TOP OF THE 9TH |
Ottawa Fat Cats batting - Pitching for Yellowknife Claws : LHP Stanley Wise
|
Pitching: RHP Bob Bishop
|
|
Batting: RHB Lawrence Howard
|
0-0: Foul Ball, location: 2F 0-1: Ball 1-1: Foul Ball, location: 2F 1-2: Ball 2-2: Fly out, F7 (Line Drive, 7M)
|
Batting: LHB Eric Dillard
|
0-0: Ball 1-0: Ball 2-0: Called Strike 2-1: Fly out, F7 (Flyball, 78M)
|
Batting: LHB Felipe Rivera
|
0-0: Called Strike 0-1: Foul Ball, location: 2F 0-2: Ground out 4-3 (Groundball, 4)
|
Top of the 9th over - 0 run(s), 0 hit(s), 0 error(s), 0 left on base; Ottawa 6 - Yellowknife 2 |
BOTTOM OF THE 9TH |
Yellowknife Claws batting - Pitching for Ottawa Fat Cats : LHP Jorge Viera
|
Pitching: RHP Clinton King
|
|
Batting: LHB Carter Sweet
|
0-0: Called Strike 0-1: Called Strike 0-2: Foul Ball, location: 2F 0-2: Ball 1-2: Fly out, F9 (Flyball, 89D)
|
Batting: SHB Héctor Padilla
|
0-0: Ball 1-0: Ball 2-0: Called Strike 2-1: Swinging Strike 2-2: Strikes out looking
|
Batting: LHB Howard White
|
0-0: Ball 1-0: Ground out 4-3 (Groundball, 4)
|
Bottom of the 9th over - 0 run(s), 0 hit(s), 0 error(s), 0 left on base; Ottawa 6 - Yellowknife 2 |
|